[Event "55th Rubinstein Memorial-C 2019"]
[Site "Polanica-Zdroj"]
[Date "2019.08.23"]
[Round "7.6"]
[White "Karnasiewicz, Robert"]
[Black "Talik, Patryk"]
[Result "1-0"]
[ECO "E44"]
[WhiteElo "1803"]
[BlackElo "1975"]
[Annotator "NA"]
[PlyCount "95"]
[EventDate "2019.08.17"]
[EventType "swiss"]
[EventCountry "POL"]
[SourceTitle "playchess.com"]
[Source "ChessBase"]
[SourceQuality "1"]
[TimeControl "40/5400+30:1800+30"]

1. d4 Nf6 2. c4 e6 3. Nc3 Bb4 4. e3 b6 5. Nge2 Bb7 6. a3 Be7 7. d5 exd5 8. cxd5 Ba6 9. b4 O-O 10. b5 Bc8 11. Nf4 Bc5 12. Bd3 a6 13. Bb2 axb5 14. Nh5 g6 15. Nxf6+ Qxf6 16. Qe2 Qd8 17. Ne4 Be7 18. Qc2 d6 19. Qc3 f6 20. Bxb5 Ra5 21. a4 Bf5 22. Ng3 Bd7 23. Qc4 Bxb5 24. axb5 Rxa1+ 25. Bxa1 Nd7 26. O-O f5 27. Ne2 Bf6 28. Bxf6 Rxf6 29. Ra1 Nc5 30. Ra7 Qe7 31. Nf4 Rf8 32. Ne6 Rc8 33. Nxc5 bxc5 34. b6 Qe8 35. b7 Rb8 36. h3 Kf7 37. Qa6 Qe4 38. Qb5 Qxd5 39. Qd7+ Kf6 40. Qxc7 Qg8 41. Qxd6+ Kg5 42. Qf4+ Kf6 43. Qd6+ Kg5 44. Qxc5 Qd8 45. Qe5 Kh6 46. Qf4+ Kg7 47. h4 Kg8 48. Qxb8 {Qe7} 1-0

[Event "55th Rubinstein Memorial-C 2019"]
[Site "Polanica-Zdroj"]
[Date "2019.08.23"]
[Round "7.7"]
[White "Szczesniak, Andrzej"]
[Black "Musial, Igor"]
[Result "1/2-1/2"]
[ECO "D37"]
[WhiteElo "1954"]
[BlackElo "1717"]
[Annotator "NA"]
[PlyCount "60"]
[EventDate "2019.08.17"]
[EventType "swiss"]
[EventCountry "POL"]
[SourceTitle "playchess.com"]
[Source "ChessBase"]
[SourceQuality "1"]
[TimeControl "40/5400+30:1800+30"]

1. d4 d5 2. c4 e6 3. Nc3 Nf6 4. Nf3 Be7 5. cxd5 exd5 6. Bg5 Be6 7. e3 c6 8. Bd3 Nbd7 9. h3 h6 10. Bf4 Qb6 11. Qc2 c5 12. dxc5 Nxc5 13. O-O O-O 14. Nd4 Rac8 15. Nf5 Bxf5 16. Bxf5 Ne6 17. Be5 Rfd8 18. Rfd1 Rc6 19. Qb3 Nc7 20. Rd2 Qxb3 21. axb3 g6 22. Bc2 a6 23. Rad1 Nb5 24. e4 Nxc3 25. Bxc3 b5 26. exd5 Rxd5 27. Rxd5 Nxd5 28. Rxd5 b4 29. Bd4 Rxc2 30. Rd7 Rd2 1/2-1/2

[Event "55th Rubinstein Memorial-C 2019"]
[Site "Polanica-Zdroj"]
[Date "2019.08.23"]
[Round "7.8"]
[White "Zgoda, Damian"]
[Black "Bartoszewicz, Marcin"]
[Result "1/2-1/2"]
[ECO "A41"]
[WhiteElo "1725"]
[BlackElo "1950"]
[Annotator "NA"]
[PlyCount "68"]
[EventDate "2019.08.17"]
[EventType "swiss"]
[EventCountry "POL"]
[SourceTitle "playchess.com"]
[Source "ChessBase"]
[SourceQuality "1"]
[TimeControl "40/5400+30:1800+30"]

1. d4 d6 2. g3 g6 3. Bg2 Bg7 4. c3 Nd7 5. Nf3 Ngf6 6. O-O O-O 7. Nbd2 d5 8. e4 dxe4 9. Ng5 e5 10. dxe5 Nxe5 11. Ndxe4 Bg4 12. Qxd8 Raxd8 13. Nxf6+ Bxf6 14. Bxb7 Bxg5 15. Bxg5 Rb8 16. Bg2 Rxb2 17. Be3 a6 18. h3 Be6 19. Bd4 Nc4 20. f4 h5 21. Rf2 Rfb8 22. Raf1 a5 23. Rxb2 Rxb2 24. Rf2 Rb1+ 25. Rf1 Na3 26. Bc5 Rxf1+ 27. Bxf1 Nb1 28. c4 Nd2 29. a3 Bxc4 30. Bg2 Nb3 31. Be7 Be6 32. Kf2 Kg7 33. Ke3 Bc4 34. Bc6 f5 {[%emt 0:03:18] Ke4} 1/2-1/2

[Event "55th Rubinstein Memorial-C 2019"]
[Site "Polanica-Zdroj"]
[Date "2019.08.23"]
[Round "7.9"]
[White "Kardys, Zbigniew"]
[Black "Szydelko, Kazimierz"]
[Result "1-0"]
[ECO "B53"]
[WhiteElo "1949"]
[BlackElo "1717"]
[Annotator "NA"]
[PlyCount "103"]
[EventDate "2019.08.17"]
[EventType "swiss"]
[EventCountry "POL"]
[SourceTitle "playchess.com"]
[Source "ChessBase"]
[SourceQuality "1"]
[TimeControl "40/5400+30:1800+30"]

1. e4 c5 2. Nf3 d6 3. d4 cxd4 4. Qxd4 Nc6 5. Bb5 Bd7 6. Bxc6 Bxc6 7. Nc3 Nf6 8. Bg5 e6 9. O-O-O Be7 10. Rhe1 O-O 11. e5 dxe5 12. Qh4 Qc7 13. Nxe5 Rad8 14. Ng4 Rxd1+ 15. Rxd1 Nd5 16. Rxd5 f6 17. Rd2 fxg5 18. Qh3 Bd6 19. g3 Bb4 20. Rd3 Rf3 21. Qf1 h5 22. Ne3 Qf7 23. Ned1 Bc5 24. Rxf3 Qxf3 25. Qe2 Kf7 26. Qxf3+ Bxf3 27. Kd2 Kf6 28. Ne3 h4 29. a3 a6 30. Kd3 Be7 31. Ne4+ Ke5 32. Nc4+ Kf5 33. Ne3+ Kg6 34. Nd2 Bc6 35. Ne4 Kh5 36. c4 Bd8 37. b4 Bf6 38. Nxf6+ gxf6 39. g4+ Kg6 40. Kd4 Bf3 41. b5 axb5 42. cxb5 Kf7 43. a4 Ke7 44. a5 Kd6 45. a6 bxa6 46. bxa6 Kc6 47. a7 Kb7 48. Kc5 Kc7 49. Nc4 Kb7 50. Ne3 Kc7 51. Nc4 Kd7 52. Nb6+ {czas} 1-0

[Event "55th Rubinstein Memorial-C 2019"]
[Site "Polanica-Zdroj"]
[Date "2019.08.23"]
[Round "7.10"]
[White "Kolodziejski, Piotr"]
[Black "Obrochta, Lena"]
[Result "1-0"]
[ECO "B40"]
[WhiteElo "1701"]
[BlackElo "1870"]
[Annotator "NA"]
[PlyCount "143"]
[EventDate "2019.08.17"]
[EventType "swiss"]
[EventCountry "POL"]
[SourceTitle "playchess.com"]
[Source "ChessBase"]
[SourceQuality "1"]
[TimeControl "40/5400+30:1800+30"]

1. e4 c5 2. Nf3 e6 3. d3 d6 4. g3 Nf6 5. Bg2 Be7 6. O-O O-O 7. Qe2 Nc6 8. c3 e5 9. Na3 Ne8 10. Nd2 f5 11. exf5 Bxf5 12. Bd5+ Kh8 13. Ne4 Nc7 14. Bxc6 bxc6 15. f4 d5 16. Nf2 exf4 17. Bxf4 Qd7 18. Rae1 Rae8 19. Qd2 Ne6 20. Be5 Ng5 21. Qd1 d4 22. c4 Bd8 23. Bf4 Ne6 24. Bc1 Ng5 25. Bf4 Nf7 26. g4 Be6 27. h3 Bh4 28. Re2 Nd6 29. Bxd6 Qxd6 30. Ne4 Qc7 31. Nb1 Bf7 32. Rg2 Bg6 33. Nbd2 Rf4 34. Rf3 Ref8 35. Qe2 Bxe4 36. Qxe4 Rxf3 37. Nxf3 Bd8 38. Ne5 Bg5 39. Re2 Be3+ 40. Kg2 Qd8 41. Nf3 Qf6 42. Re1 Kg8 43. Rf1 a6 44. Nh2 Qd6 45. Rxf8+ Qxf8 46. Nf3 Qc8 47. Ne5 Qf8 48. Qf3 Qxf3+ 49. Kxf3 Kf8 50. Ke4 Ke7 51. Nxc6+ Kd6 52. Ne5 Bc1 53. b3 Ke6 54. h4 Be3 55. Nf3 h6 56. h5 Bc1 57. Nh4 Bg5 58. Ng6 Bc1 59. Nf4+ Kf6 60. Nd5+ Kg5 61. Kf3 Bd2 62. Nc7 Kf6 63. Nxa6 Ke5 64. Nxc5 Bb4 65. Nd7+ Ke6 66. Nb6 Kd6 67. Nd5 Bc5 68. Ke4 Ba7 69. b4 Kc6 70. a4 Kd6 71. c5+ Kc6 72. Kxd4 {[%emt 0:00:09] Kxd5+} 1-0

[Event "55th Rubinstein Memorial-C 2019"]
[Site "Polanica-Zdroj"]
[Date "2019.08.23"]
[Round "7.11"]
[White "Pyka, Roman"]
[Black "Rog, Bartlomiej"]
[Result "1-0"]
[ECO "E67"]
[WhiteElo "1860"]
[BlackElo "1540"]
[Annotator "NA"]
[PlyCount "121"]
[EventDate "2019.08.17"]
[EventType "swiss"]
[EventCountry "POL"]
[SourceTitle "playchess.com"]
[Source "ChessBase"]
[SourceQuality "1"]
[TimeControl "40/5400+30:1800+30"]

1. d4 Nf6 2. Nf3 g6 3. c4 Bg7 4. Nc3 O-O 5. g3 d6 6. Bg2 Nbd7 7. O-O e5 8. h3 c6 9. e4 exd4 10. Nxd4 Nc5 11. Re1 Re8 12. Bf4 Nh5 13. Be3 a6 14. Rc1 Nf6 15. Bf4 Nh5 16. Be3 Nf6 17. Qc2 Qe7 18. b4 Ne6 19. Rcd1 Bd7 20. c5 dxc5 21. Nxe6 Qxe6 22. bxc5 Rad8 23. Rd6 Qe7 24. Red1 Bc8 25. e5 Nd7 26. f4 f6 27. Qb3+ Kh8 28. Ne4 fxe5 29. Ng5 Rf8 30. Re6 Nxc5 31. Rxe7 Nxb3 32. Rxd8 Rxd8 33. Nf7+ Kg8 34. Nxd8 exf4 35. Re8+ Bf8 36. Bxf4 Bd7 37. Rxf8+ Kxf8 38. axb3 Bc8 39. Nxc6 bxc6 40. Bxc6 Bxh3 41. Bd6+ Kf7 42. Bb7 Be6 43. b4 Bc4 44. Bc8 h5 45. Kf2 g5 46. Ke3 Ke8 47. Bc7 Ke7 48. Kd4 Be2 49. Kc5 h4 50. g4 Ke8 51. Kd6 Kf7 52. Ke5 Kg6 53. Bd7 h3 54. Kd4 Kf7 55. Ke3 Bf1 56. Kf2 Ke7 57. Bc8 Bg2 58. Bxa6 Kd7 59. Bb8 Kc6 60. Be5 Kb6 61. Bc4 1-0

[Event "55th Rubinstein Memorial-C 2019"]
[Site "Polanica-Zdroj"]
[Date "2019.08.23"]
[Round "7.12"]
[White "Rzenca, Jerzy"]
[Black "Bogdanov, Maxim A."]
[Result "0-1"]
[ECO "C42"]
[WhiteElo "1419"]
[BlackElo "1763"]
[Annotator "NA"]
[PlyCount "94"]
[EventDate "2019.08.17"]
[EventType "swiss"]
[EventCountry "POL"]
[SourceTitle "playchess.com"]
[Source "ChessBase"]
[SourceQuality "1"]
[TimeControl "40/5400+30:1800+30"]

1. e4 e5 2. Nf3 Nf6 3. Nxe5 d6 4. Nf3 Nxe4 5. Nc3 Nxc3 6. dxc3 Be7 7. Be3 O-O 8. Qd2 c5 9. O-O-O Nc6 10. Kb1 Be6 11. Bd3 Ne5 12. Nxe5 dxe5 13. Qe2 Qa5 14. c4 Rae8 15. Bd2 Qc7 16. Bc3 Bd6 17. h4 f5 18. f3 Bd7 19. g4 e4 20. fxe4 fxg4 21. Rdf1 Be5 22. Bxe5 Qxe5 23. Qg2 Rxf1+ 24. Rxf1 Rf8 25. a3 Rxf1+ 26. Bxf1 Qf4 27. Qh1 h5 28. Bg2 Bc6 29. b3 Kh7 30. Ka2 b6 31. Kb1 Kh6 32. Ka2 g5 33. e5 Bxg2 34. Qxg2 Qxe5 35. Qc6+ Kg7 36. Qd7+ Kg6 37. Qc6+ Kf5 38. Qd7+ Kf4 39. Qd2+ Qe3 40. Qh2+ g3 41. Qg2 gxh4 42. Qd5 Qe4 43. Qxh5 Ke3 44. Qh6+ Kf2 45. Qd2+ Kg1 46. Qd1+ Kh2 47. Qd2+ g2 0-1

[Event "55th Rubinstein Memorial-C 2019"]
[Site "Polanica-Zdroj"]
[Date "2019.08.23"]
[Round "7.13"]
[White "Werner, Kacper"]
[Black "Sypien, Natan"]
[Result "0-1"]
[ECO "B34"]
[WhiteElo "1435"]
[BlackElo "1819"]
[Annotator "NA"]
[PlyCount "110"]
[EventDate "2019.08.17"]
[EventType "swiss"]
[EventCountry "POL"]
[SourceTitle "playchess.com"]
[Source "ChessBase"]
[SourceQuality "1"]
[TimeControl "40/5400+30:1800+30"]

1. e4 c5 2. Nf3 Nc6 3. d4 cxd4 4. Nxd4 Nf6 5. Nc3 e5 6. Ndb5 d6 7. Nd5 Nxd5 8. exd5 Nb8 9. c4 Be7 10. Be3 a6 11. Nc3 O-O 12. Be2 Nd7 13. O-O f5 14. f3 Bg5 15. Qd2 Bxe3+ 16. Qxe3 a5 17. b3 Nc5 18. Rab1 f4 19. Qf2 Bf5 20. Rb2 g5 21. a3 h5 22. b4 Nd3 23. Bxd3 Bxd3 24. Rc1 Bxc4 25. bxa5 Bd3 26. Rxb7 Qxa5 27. Qd2 Qc5+ 28. Kh1 Qxa3 29. Re1 Bf5 30. Rc7 Qa5 31. Rc6 Rfc8 32. Rc1 Rab8 33. h3 Qb4 34. Kh2 Bd7 35. Rxc8+ Rxc8 36. Ne4 Qxd2 37. Rxc8+ Bxc8 38. Nxd2 Kf7 39. Ne4 Ke7 40. Nxg5 Bb7 41. Ne4 Bxd5 42. Nd2 Kd7 43. g4 hxg4 44. hxg4 Ke6 45. Kg2 Bc6 46. g5 Bd5 47. Kh3 Kf5 48. Kh4 Kg6 49. Kg4 Be6+ 50. Kh4 d5 51. Nc4 e4 52. fxe4 dxe4 53. Ne5+ Kf5 54. Nc6 e3 55. Kh5 Ke4 0-1

[Event "55th Rubinstein Memorial-C 2019"]
[Site "Polanica-Zdroj"]
[Date "2019.08.23"]
[Round "7.14"]
[White "Matuszczyk, Mateusz"]
[Black "Rylski, Tadeusz"]
[Result "1/2-1/2"]
[ECO "B90"]
[WhiteElo "1808"]
[BlackElo "1616"]
[Annotator "NA"]
[PlyCount "123"]
[EventDate "2019.08.17"]
[EventType "swiss"]
[EventCountry "POL"]
[SourceTitle "playchess.com"]
[Source "ChessBase"]
[SourceQuality "1"]
[TimeControl "40/5400+30:1800+30"]

1. e4 c5 2. Nf3 d6 3. d4 cxd4 4. Nxd4 Nf6 5. Nc3 a6 6. a4 e5 7. Nb3 Be7 8. Be2 Qc7 9. O-O O-O 10. Be3 Be6 11. Nd5 Nxd5 12. exd5 Bf5 13. c3 Nd7 14. a5 Rab8 15. Nd2 Bg6 16. Nc4 f5 17. f4 e4 18. g4 Nf6 19. g5 Nd7 20. Nb6 Nxb6 21. axb6 Qc8 22. c4 h6 23. h4 hxg5 24. hxg5 Kf7 25. Kg2 Rh8 26. b4 Qd7 27. Qb3 Bh5 28. Bxh5+ Rxh5 29. c5 Rbh8 30. c6 Qe8 31. Rh1 Bd8 32. Rxh5 Rxh5 33. Rh1 Rxh1 34. Kxh1 Ke7 35. cxb7 Qh5+ 36. Kg2 Qf3+ 37. Kh2 Qe2+ 38. Kg1 Qe1+ 39. Kg2 Qe2+ 40. Bf2 Bxb6 41. Qg3 Ba7 42. Kg1 e3 43. Be1 Qb5 44. Qf3 Qxb7 45. Kg2 Qc7 46. Qe2 Qb7 47. Qd3 g6 48. Bc3 Qb5 49. Bf6+ Kd7 50. Qxb5+ axb5 51. Kf3 Kc7 52. Ke2 Kd7 53. Kd3 Kc7 54. Bc3 Kd7 55. Be1 Bb6 56. Bg3 Ke7 57. Bh2 Kd7 58. Bg3 Ke7 59. Be1 Kd7 60. Bc3 Ke7 61. Bf6+ Kd7 62. Bc3 1/2-1/2

[Event "55th Rubinstein Memorial-C 2019"]
[Site "Polanica-Zdroj"]
[Date "2019.08.23"]
[Round "7.15"]
[White "Koscielny, Edmond"]
[Black "Raczek, Krzysztof"]
[Result "1-0"]
[ECO "A02"]
[WhiteElo "1841"]
[BlackElo "1587"]
[Annotator "NA"]
[PlyCount "93"]
[EventDate "2019.08.17"]
[EventType "swiss"]
[EventCountry "POL"]
[SourceTitle "playchess.com"]
[Source "ChessBase"]
[SourceQuality "1"]
[TimeControl "40/5400+30:1800+30"]

1. f4 c5 2. Nf3 g6 3. e3 Bg7 4. Be2 Nc6 5. O-O d6 6. Nc3 e6 7. d3 Nge7 8. a3 Rb8 9. Qe1 b5 10. Ne4 b4 11. a4 Ba6 12. Ng3 Qd7 13. e4 Nd4 14. Nxd4 Bxd4+ 15. Kh1 Nc6 16. f5 O-O 17. f6 Qd8 18. Nh5 Kh8 19. Bh6 Bxb2 20. Bg7+ Kg8 21. Qd2 e5 22. Qh6 Nd4 23. Bg4 Ne6 24. Bxe6 fxe6 25. f7+ Rxf7 26. Rxf7 Kxf7 27. Rf1+ Ke8 28. Rf8+ Kd7 29. Rxd8+ Kxd8 30. Qg5+ Kd7 31. Nf6+ Kc6 32. Ng4 Bxd3 33. cxd3 Bd4 34. Bxe5 dxe5 35. Nxe5+ Kd6 36. Nc4+ Kd7 37. Qf4 Re8 38. Qd6+ Kc8 39. Qc6+ Kd8 40. Qa8+ Ke7 41. Qxa7+ Kf6 42. Qxh7 Re7 43. e5+ Bxe5 44. Qh8+ Rg7 45. Nxe5 b3 46. Qf8+ Kxe5 47. Qxg7+ 1-0

[Event "55th Rubinstein Memorial-C 2019"]
[Site "Polanica-Zdroj"]
[Date "2019.08.23"]
[Round "7.16"]
[White "Maslanka, Wojciech"]
[Black "Rakita, Efim"]
[Result "0-1"]
[ECO "C57"]
[WhiteElo "1594"]
[BlackElo "1960"]
[Annotator "NA"]
[PlyCount "114"]
[EventDate "2019.08.17"]
[EventType "swiss"]
[EventCountry "POL"]
[SourceTitle "playchess.com"]
[Source "ChessBase"]
[SourceQuality "1"]
[TimeControl "40/5400+30:1800+30"]

1. e4 e5 2. Nf3 Nc6 3. Bc4 Nf6 4. Ng5 d5 5. exd5 Nxd5 6. Nxf7 Kxf7 7. Qf3+ Ke6 8. Nc3 Ncb4 9. d4 c6 10. Qe4 Kd7 11. Nxd5 cxd5 12. Bxd5 Nxd5 13. Qxd5+ Kc7 14. Qc4+ Kb8 15. Be3 Qc7 16. Qxc7+ Kxc7 17. dxe5 Be7 18. O-O-O Be6 19. Rd3 Rad8 20. Rc3+ Kb8 21. a3 Rc8 22. Rd3 Rhd8 23. Rhd1 Rxd3 24. Rxd3 Rd8 25. h3 Bf5 26. Rxd8+ Bxd8 27. f3 a6 28. g4 Be6 29. Kd2 Kc7 30. b3 Be7 31. a4 b5 32. axb5 axb5 33. Kd3 Kc6 34. c4 g6 35. Bf2 b4 36. Ke4 g5 37. f4 gxf4 38. Kxf4 Bf7 39. h4 Bg6 40. h5 Bc2 41. g5 Bf8 42. Be1 Bxb3 43. Kf5 Bxc4 44. e6 Be7 45. Bxb4 Bd3+ 46. Ke5 Bxg5 47. Bf8 Kc7 48. Bg7 Be7 49. Bh8 Kd8 50. Bg7 Ke8 51. Kd5 Be2 52. h6 Bg5 53. Kd6 Bg4 54. Kd5 Ke7 55. Ke5 Bxe6 56. Bf8+ Kf7 57. Bg7 Bc8 0-1

[Event "55th Rubinstein Memorial-C 2019"]
[Site "Polanica-Zdroj"]
[Date "2019.08.23"]
[Round "7.17"]
[White "Pisarek, Elzbieta"]
[Black "Burdzicki, Stanislaw"]
[Result "1-0"]
[ECO "B47"]
[WhiteElo "1581"]
[BlackElo "1785"]
[Annotator "NA"]
[PlyCount "102"]
[EventDate "2019.08.17"]
[EventType "swiss"]
[EventCountry "POL"]
[SourceTitle "playchess.com"]
[Source "ChessBase"]
[SourceQuality "1"]
[TimeControl "40/5400+30:1800+30"]

1. e4 c5 2. Nf3 e6 3. d4 cxd4 4. Nxd4 Nc6 5. Nc3 Qc7 6. g3 a6 7. Bg2 d6 8. Nxc6 bxc6 9. O-O Nf6 10. Na4 d5 11. exd5 cxd5 12. c4 Bb7 13. Be3 Be7 14. Rc1 dxc4 15. Bxb7 Qxb7 16. Nb6 Rd8 17. Qa4+ Kf8 18. Rxc4 h5 19. Rfc1 Ng4 20. Rc7 Qf3 21. R7c3 Kg8 22. Bc5 Qb7 23. Bxe7 Qxe7 24. Qxa6 Rd2 25. R3c2 Qg5 26. Qc4 g6 27. Rxd2 Qxd2 28. Qc2 Qd4 29. Nc4 Kh7 30. Qd2 Qa7 31. a3 Rd8 32. Qe2 Rd4 33. h3 Nf6 34. Qf3 Kg7 35. b4 Qc7 36. Qc3 e5 37. Ne3 Qa7 38. b5 h4 39. g4 Ra4 40. Nc4 Qd4 41. Nxe5 Qxc3 42. Rxc3 Nd5 43. Rb3 Re4 44. Nd3 Re6 45. a4 Re8 46. b6 Ne7 47. b7 Nc6 48. Rb6 Nb8 49. a5 Rd8 50. Nc5 Rd5 51. Rb5 Kf6 1-0

[Event "55th Rubinstein Memorial-C 2019"]
[Site "Polanica-Zdroj"]
[Date "2019.08.23"]
[Round "7.18"]
[White "Kozlowski, Andrzej"]
[Black "Szydelko, Michal"]
[Result "0-1"]
[ECO "A00"]
[WhiteElo "1566"]
[BlackElo "1752"]
[Annotator "NA"]
[PlyCount "78"]
[EventDate "2019.08.17"]
[EventType "swiss"]
[EventCountry "POL"]
[SourceTitle "playchess.com"]
[Source "ChessBase"]
[SourceQuality "1"]
[TimeControl "40/5400+30:1800+30"]

1. e3 e5 2. d4 exd4 3. exd4 d5 4. Bd3 Bd6 5. Nc3 c6 6. Nge2 Ne7 7. Bf4 O-O 8. Qd2 Bf5 9. Bxf5 Nxf5 10. O-O-O Qc7 11. Rde1 Nd7 12. g3 b5 13. f3 a5 14. Qd3 Ne7 15. Bxd6 Qxd6 16. Nf4 Rfe8 17. Re2 Ng6 18. Nh3 Nb6 19. Rhe1 Reb8 20. f4 b4 21. Nd1 a4 22. f5 Nf8 23. Re7 b3 24. a3 bxc2 25. Qxc2 Nc4 26. Ng5 Qh6 27. h4 f6 28. R1e6 Nxe6 29. Rxe6 Re8 30. Qe2 Kf8 31. Kc2 fxg5 32. Qg4 Rxe6 33. fxe6 gxh4 34. Qf5+ Qf6 35. Qxh7 Qxe6 36. Qh8+ Ke7 37. Qxa8 Qe2+ 38. Kb1 Qxd1+ 39. Ka2 Qb3+ 0-1

[Event "55th Rubinstein Memorial-C 2019"]
[Site "Polanica-Zdroj"]
[Date "2019.08.23"]
[Round "7.19"]
[White "Lewandowski, Witold"]
[Black "Gajzner, Ryszard"]
[Result "0-1"]
[ECO "B36"]
[WhiteElo "1542"]
[BlackElo "1740"]
[Annotator "NA"]
[PlyCount "62"]
[EventDate "2019.08.17"]
[EventType "swiss"]
[EventCountry "POL"]
[SourceTitle "playchess.com"]
[Source "ChessBase"]
[SourceQuality "1"]
[TimeControl "40/5400+30:1800+30"]

1. e4 c5 2. Nf3 g6 3. d4 cxd4 4. Nxd4 Nc6 5. c4 Nf6 6. Nc3 d6 7. Be3 Ng4 8. Bc1 Qb6 9. Be3 Nxe3 10. fxe3 Bg7 11. Nd5 Qd8 12. Be2 O-O 13. O-O e6 14. Nc3 Ne5 15. Ndb5 Qb6 16. Qxd6 Qxe3+ 17. Kh1 Bd7 18. Na3 Bc6 19. Nc2 Qg5 20. Rad1 Rad8 21. Qa3 Rxd1 22. Rxd1 Ng4 23. Bxg4 Qxg4 24. Ne3 Qg5 25. Qxa7 f5 26. exf5 gxf5 27. Qc5 Qg6 28. Qe7 f4 29. Ned5 Bxc3 30. bxc3 exd5 31. cxd5 Bxd5 0-1

[Event "55th Rubinstein Memorial-C 2019"]
[Site "Polanica-Zdroj"]
[Date "2019.08.23"]
[Round "7.20"]
[White "Burdzicki, Jan"]
[Black "Wilgosz, Tomasz"]
[Result "1-0"]
[ECO "C00"]
[WhiteElo "1716"]
[BlackElo "1513"]
[Annotator "NA"]
[PlyCount "115"]
[EventDate "2019.08.17"]
[EventType "swiss"]
[EventCountry "POL"]
[SourceTitle "playchess.com"]
[Source "ChessBase"]
[SourceQuality "1"]
[TimeControl "40/5400+30:1800+30"]

1. e4 e6 2. b3 d5 3. Bb2 dxe4 4. Nc3 f5 5. d3 exd3 6. Bxd3 Bb4 7. Qe2 Qe7 8. a3 Bxc3+ 9. Bxc3 Nc6 10. Bxf5 Nf6 11. Bd3 O-O 12. Bb2 Nd5 13. g3 Qf7 14. Nh3 h6 15. c4 e5 16. cxd5 Nd4 17. Bxd4 exd4 18. Nf4 Re8 19. Be4 g5 20. Nd3 Bf5 21. f3 g4 22. O-O gxf3 23. Qxf3 Rxe4 24. Qxf5 Qxf5 25. Rxf5 Re3 26. Rd1 Rd8 27. a4 Kg7 28. Re5 Rxe5 29. Nxe5 Rxd5 30. Nd3 c5 31. Re1 Kf6 32. Re8 b6 33. Rh8 Kg7 34. Rc8 Rd7 35. Kf2 Re7 36. Nxc5 bxc5 37. Rxc5 Rb7 38. Rb5 Rxb5 39. axb5 Kf6 40. Ke2 Kf5 41. Kf3 d3 42. Ke3 Kg4 43. Kxd3 Kh3 44. Ke3 Kxh2 45. Kf4 Kh3 46. Kf3 Kh2 47. Kg4 Kg2 48. Kh4 Kf3 49. Kh3 Kf2 50. g4 Ke3 51. Kh4 Kf4 52. Kh5 Kf3 53. b4 Kf4 54. b6 axb6 55. b5 Kf3 56. Kxh6 Kxg4 57. Kg6 Kf4 58. Kf6 {[%emt 0:00:00] Kg5+} 1-0

[Event "55th Rubinstein Memorial-C 2019"]
[Site "Polanica-Zdroj"]
[Date "2019.08.23"]
[Round "7.21"]
[White "Maslo, Slawomir"]
[Black "Hasterok, Lukasz"]
[Result "1-0"]
[ECO "A06"]
[WhiteElo "1687"]
[BlackElo "1531"]
[Annotator "NA"]
[PlyCount "87"]
[EventDate "2019.08.17"]
[EventType "swiss"]
[EventCountry "POL"]
[SourceTitle "playchess.com"]
[Source "ChessBase"]
[SourceQuality "1"]
[TimeControl "40/5400+30:1800+30"]

1. Nf3 d5 2. b3 Nf6 3. e3 Bg4 4. d4 Nbd7 5. Bb2 e6 6. Be2 Bd6 7. Nbd2 h6 8. O-O c6 9. c4 O-O 10. Bd3 Re8 11. Qc2 Bxf3 12. Nxf3 e5 13. dxe5 Nxe5 14. Nxe5 Bxe5 15. Bxe5 Rxe5 16. Rfd1 Qe7 17. cxd5 Nxd5 18. Bc4 Nf6 19. Rd4 b5 20. Bf1 c5 21. Rd3 Qc7 22. Rad1 Re6 23. g3 Rae8 24. Bh3 R6e7 25. Bg2 g6 26. Rc1 Nd7 27. Rcd1 Nb6 28. Rd6 Re6 29. R6d2 Qe7 30. Bh3 Re5 31. Bd7 Rd8 32. Bxb5 Rxd2 33. Qxd2 Rd5 34. Qc2 Qd6 35. Rxd5 Qxd5 36. a4 Na8 37. Bc4 Qd6 38. Qe4 Nc7 39. a5 a6 40. Qf3 Ne6 41. Qa8+ Kg7 42. Qxa6 Qd1+ 43. Kg2 Ng5 44. Qb7 1-0

[Event "55th Rubinstein Memorial-C 2019"]
[Site "Polanica-Zdroj"]
[Date "2019.08.23"]
[Round "7.22"]
[White "Topola, Rafal"]
[Black "Ursnik, Patryk"]
[Result "0-1"]
[ECO "B33"]
[WhiteElo "1660"]
[BlackElo "1497"]
[Annotator "NA"]
[PlyCount "106"]
[EventDate "2019.08.17"]
[EventType "swiss"]
[EventCountry "POL"]
[SourceTitle "playchess.com"]
[Source "ChessBase"]
[SourceQuality "1"]
[TimeControl "40/5400+30:1800+30"]

1. e4 c5 2. Nf3 Nc6 3. d4 cxd4 4. Nxd4 Nf6 5. Nc3 e5 6. Ndb5 d6 7. Bg5 a6 8. Na3 b5 9. Bxf6 gxf6 10. Nd5 Bg7 11. g3 O-O 12. Bg2 Rb8 13. O-O Ne7 14. Nxe7+ Qxe7 15. c3 f5 16. Nc2 fxe4 17. Bxe4 f5 18. Bd5+ Kh8 19. Nb4 Qf6 20. Qf3 f4 21. Be4 Qh6 22. g4 Qg5 23. Qh3 Bh6 24. f3 Bf5 25. Bxf5 Rxf5 26. Nxa6 Rg8 27. Kh1 Rf7 28. Rad1 Bf8 29. Nb4 Rg6 30. Rd5 Qe7 31. Re1 Re6 32. Re4 h5 33. Rd2 Rh7 34. gxh5 Reh6 35. Qg4 Rxh5 36. Rg2 Qf7 37. Ree2 Rg7 38. Qc8 Rxg2 39. Kxg2 Rf5 40. Qa8 Kh7 41. Qe4 Kh6 42. Kh1 Rg5 43. Rg2 Rxg2 44. Kxg2 Be7 45. Qd5 Qg6+ 46. Kh3 Qf5+ 47. Kg2 Qg6+ 48. Kh3 Qh5+ 49. Kg2 Qg6+ 50. Kf2 Bh4+ 51. Ke2 Qg2+ 52. Kd3 Bf6 53. Ke4 Qg6# 0-1

[Event "55th Rubinstein Memorial-C 2019"]
[Site "Polanica-Zdroj"]
[Date "2019.08.23"]
[Round "7.23"]
[White "Wianecki, Mateusz"]
[Black "Brzozowski, Pawel"]
[Result "1/2-1/2"]
[ECO "A01"]
[WhiteElo "1634"]
[BlackElo "1496"]
[Annotator "NA"]
[PlyCount "81"]
[EventDate "2019.08.17"]
[EventType "swiss"]
[EventCountry "POL"]
[SourceTitle "playchess.com"]
[Source "ChessBase"]
[SourceQuality "1"]
[TimeControl "40/5400+30:1800+30"]

1. b3 e5 2. Bb2 Nc6 3. e3 Nf6 4. c4 d6 5. d3 g6 6. Nc3 Bg7 7. Nf3 Be6 8. Be2 O-O 9. a3 Nd7 10. d4 Bg4 11. Nd5 exd4 12. exd4 Nf6 13. Ne3 Re8 14. O-O Bxf3 15. Bxf3 Ne4 16. Qd3 Ng5 17. Bxc6 bxc6 18. f4 Ne4 19. f5 Qg5 20. Rf3 Nc5 21. dxc5 Bxb2 22. Ra2 Bc1 23. Nf1 dxc5 24. fxg6 hxg6 25. Rg3 Qe5 26. Rf2 Rad8 27. Qf3 Qe6 28. h4 Rd4 29. Qc3 Qe1 30. Rgf3 Qxc3 31. Rxc3 Bxa3 32. Rcf3 Re6 33. Rxf7 Rxh4 34. Rxc7 Rh7 35. Rc8+ Kg7 36. Rf3 Bb2 37. Rc7+ Kg8 38. Rc8+ Kg7 39. Rc7+ Kg8 40. Rc8+ Kg7 41. Rc7+ 1/2-1/2

[Event "55th Rubinstein Memorial-C 2019"]
[Site "Polanica-Zdroj"]
[Date "2019.08.23"]
[Round "7.24"]
[White "Kosior, Jan"]
[Black "Budzisz, Adrian"]
[Result "0-1"]
[ECO "B42"]
[WhiteElo "1442"]
[BlackElo "1631"]
[Annotator "NA"]
[PlyCount "78"]
[EventDate "2019.08.17"]
[EventType "swiss"]
[EventCountry "POL"]
[SourceTitle "playchess.com"]
[Source "ChessBase"]
[SourceQuality "1"]
[TimeControl "40/5400+30:1800+30"]

1. e4 c5 2. Nf3 e6 3. d4 cxd4 4. Nxd4 a6 5. Bd3 Nf6 6. O-O d6 7. Be3 Qc7 8. f3 Nc6 9. Qe2 Be7 10. c4 Ne5 11. Nc3 O-O 12. Kh1 Nfd7 13. f4 Nxd3 14. Qxd3 b6 15. b3 Bb7 16. Qd2 Nc5 17. Qc2 Bf6 18. Rac1 Rac8 19. f5 Qe7 20. Bg1 Qe8 21. Qe2 Qe7 22. Qg4 Rfe8 23. Rf3 h6 24. Rcf1 Nd7 25. Rg3 Be5 26. fxe6 fxe6 27. Rh3 Nf6 28. Qe2 Qf7 29. Qd3 Qg6 30. Nde2 b5 31. Nf4 Qh7 32. Nh5 Nxe4 33. Nxe4 Bxe4 34. Qd2 bxc4 35. Ng3 Bd5 36. bxc4 Rxc4 37. Qf2 Qg6 38. Ne2 Rc2 39. Qe3 Qxg2# 0-1